 Dungeon Crawl Stone Soup version 0.28.0-53-g5a82cb258f (webtiles) character file.

Game seed: 7302146144303911401

103074 concernfroge the Impaler (level 15, -1/198 HPs)
             Began as a Minotaur Berserker on June 17, 2022.
             Was the Champion of Trog.
             Slain by a two-headed ogre
             ... wielding a +0 giant club
              (11 damage)
             ... on level 2 of the Orcish Mines.
             The game lasted 01:23:54 (29266 turns).

concernfroge the Impaler (Minotaur Berserker)      Turns: 29266, Time: 01:23:55

Health: -1/198     AC: 20    Str: 38    XL:     15   Next: 88%
Magic:  14/14      EV: 14    Int:  4    God:    Trog [******]
Gold:   2088       SH:  5    Dex:  9    Spells: 14/14 levels left

rFire   . . .      SeeInvis +   E - +8 glaive "Tethrequz" {vorpal, Fragile Str+8}
rCold   . . .      Faith    .   (shield currently unavailable)
rNeg    . . .      Spirit   .   x - +0 swamp dragon scales
rPois   +          Reflect  +   (helmet unavailable)
rElec   .          Harm     .   D - +2 cloak
rCorr   .          Rampage  .   P - +0 pair of gloves
Will    ++...                   (no boots)
Stlth   ..........              w - amulet of reflection
HPRegen 0.43/turn               g - ring of willpower
MPRegen 0.14/turn               h - ring of see invisible

@: berserking (expiring), very quick
A: horns 3, retaliatory headbutt, iridescent scales 1, frail 1
a: Renounce Religion, Berserk, Trog's Hand, Brothers in Arms


You were on level 2 of the Orcish Mines.
You worshipped Trog.
Trog was exalted by your worship.
You visited 4 branches of the dungeon, and saw 23 of its levels.
You also visited: Ossuary and Gauntlet.

You collected 2538 gold pieces.
You spent 450 gold pieces at shops.

Inventory:

Hand Weapons
 E - the +8 glaive "Tethrequz" (weapon) {vorpal, Fragile Str+8}
   (Trog gifted it to you on level 14 of the Dungeon)

   It inflicts extra damage upon your enemies.
   Str:       It affects your strength (+8).
   Fragile:   It will be destroyed if unequipped.
Armour
 x - +0 swamp dragon scales (worn)
 D - a +2 cloak (worn)
 P - a +0 pair of gloves (worn)
Jewellery
 g - a ring of willpower (left hand)
 h - a ring of see invisible (right hand)
 w - an amulet of reflection (around neck)
Wands
 c - a wand of flame (11)
 e - a wand of iceblast (12)
 i - a wand of charming (10)
 l - a wand of paralysis (11)
 m - a wand of mindburst (20)
 y - a wand of polymorph (29)
 C - a wand of digging (3)
Scrolls
 a - a scroll of holy word
 b - 6 scrolls of fog
 o - 12 scrolls of identify
 p - 2 scrolls of blinking
 s - 2 scrolls of fear
 t - 4 scrolls of teleportation
 z - 2 scrolls of magic mapping
 B - a scroll of summoning
 G - a scroll of enchant armour
 K - a scroll of brand weapon
 L - a scroll of acquirement
Potions
 f - 5 potions of haste
 k - a potion of magic
 q - 4 potions of might
 r - 3 potions of invisibility
 u - 5 potions of flight
 v - 7 potions of curing
 A - 8 potions of ambrosia
 F - a potion of resistance {unknown}
 H - 2 potions of mutation
Miscellaneous
 d - a lightning rod (4/4)
 j - a piece from Xom's chessboard (15/15)


   Skills:
 + Level 17.5 Fighting
 + Level 17.6 Polearms
 + Level 17.4 Armour
 + Level 9.3 Dodging
 - Level 14.3 Shields


You had 14 spell levels left.
You didn't know any spells.
Your spell library was empty.

Dungeon Overview and Level Annotations

Branches:
Dungeon (14/15)            Temple (1/1) D:5            Lair (6/6) D:8
  Swamp (0/4) Lair:3        Snake (0/4) Lair:4        Slime (0/5) Lair:6
    Orc (2/2) D:11            Elf (0/3) Orc:2        Vaults (0/5) D:14
Ossuary (visited)         Gauntlet (visited)

Altars:
Ashenzari
Cheibriados
Dithmenos
Elyvilon
Fedhas
Gozag
Hepliaklqana
Kikubaaqudgha
Makhleb
Nemelex Xobeh
Okawaru
Qazlal
Ru
Sif Muna
Trog
Uskayaw
Vehumet
Wu Jian
Xom
Yredelemnul
Zin
The Shining One

Shops:
D:2 :   D:5 =   D:6 [   Orc:1 *

Portals:
Trove: D:14 (give horn of Geryon)

Annotations:
D:7 2 transporters, arlandor's ghost, novice DjFE


Innate Abilities, Weirdness & Mutations

You have a pair of large horns on your head.
You reflexively headbutt those who attack you in melee.
You are partially covered in iridescent scales. (AC +2)
You are frail. (-10% HP)


Message History

A troll comes into view.
The troll bites you but does no damage. The troll barely misses you.
You block the troll's attack.
You hear a shout!
You slash the troll! You headbutt the troll.
You kill the troll!
Trog accepts your kill. The stone giant hits you!!
The two-headed ogre hits you with a +0 giant club.
* * * LOW HITPOINT WARNING * * *
The two-headed ogre misses you.
You open the stone giant like a pillowcase!!!
You kill the stone giant!
Trog accepts your kill.
The ogre mage hits you but does no damage.
A two-headed ogre comes into view. It is wielding two +0 giant clubs.
You completely miss the ogre mage. Your headbutt misses the ogre mage.
The two-headed ogre hits you with a +0 giant club!!
* * * LOW HITPOINT WARNING * * *
The two-headed ogre hits you but does no damage.
You barely miss the ogre mage. You headbutt the ogre mage!!
The ogre mage is heavily wounded.
The ogre mage barely misses you.
The two-headed ogre hits you with a +0 giant club!!
* * * LOW HITPOINT WARNING * * *
You block the two-headed ogre's attack.
You dice the ogre mage like an onion!!!
You kill the ogre mage!
Trog accepts your kill.
Trog appreciates your killing of a magic user.
A troll comes into view.
You slash the two-headed ogre! You headbutt the two-headed ogre!!
The two-headed ogre is heavily wounded.
You block the two-headed ogre's attack.
The two-headed ogre hits you with a +0 dire flail.
* * * LOW HITPOINT WARNING * * *
You slash the two-headed ogre!
The two-headed ogre is almost dead.
The two-headed ogre hits you with a +0 giant club!
You die...

#.................. #
#.................
##.#...##............
#......#............)
##.##............>...
###...............
###.................
##.O[.........)......
#..(@.....#.#........
..OT#TO)......()........
....O.....#.#.(.........
............(...#.......
............#.(.........
......#.....(.##........
###...#......#. ........
#..###...... ........
.... .......


You could see 4 two-headed ogres and 2 trolls.

Vanquished Creatures
  Gastronok (Lair:3)
  An orc warlord (D:11)
  The ghost of Sin92 the Fencer, a journeyman DsFi of Okawaru (Orc:1)
  A stone giant (Orc:2)
  Azrael (D:13)
  Nessos (D:13)
  A minotaur (Gauntlet)
  Josephine (D:10)
  A fire dragon (Lair:4)
  8 vault guards (D:14)
  4 boulder beetles
  5 hydras
  Erolcha (Orc:2)
  2 centaur warriors (D:14)
  3 catoblepae
  An ogre mage (Orc:2)
  An anaconda (Lair:1)
  5 two-headed ogres
  9 death yaks
  A death scarab (Gauntlet)
  Urug (Lair:1)
  A deep troll shaman (Lair:6)
  An orc high priest (Orc:1)
  4 skeletal warriors (D:14)
  Sonja (D:10)
  A spectral hydra (Gauntlet)
  2 bog bodies (Lair:3)
  A deep troll (Orc:2)
  12 ugly things
  A deep elf pyromancer (D:12)
  6 cyclopes
  2 manticores
  12 elephants
  2 orc sorcerers (Orc:1)
  3 black mambas
  Maurice (D:13)
  An ice statue (Gauntlet)
  A minotaur zombie (Gauntlet)
  An unseen horror (D:11)
  2 gargoyles (D:13)
  Maggie (D:9)
  11 cane toads
  5 torpor snails
  14 rime drakes
  12 komodo dragons
  A yaktaur (D:11)
  Psyche (D:10)
  2 kobold demonologists
  2 freezing wraiths (D:14)
  12 trolls
  A guardian mummy (D:14)
  A queen bee (Lair:1)
  4 polar bears
  A wolf spider simulacrum (Gauntlet)
  3 hornets
  10 slime creatures (D:14)
  A raiju (Gauntlet)
  22 blink frogs
  13 dream sheep (Lair:5)
  A raiju (shapeshifter) (D:12)
  2 centaur simulacra (Gauntlet)
  7 wraiths
  3 wyverns
  37 yaks
  A fire elemental (D:13)
  5 basilisks
  7 steam dragons
  4 vampire mosquitoes (D:12)
  2 swamp worms (Lair:3)
  A naga (Lair:4)
  5 wargs
  4 hell hounds (D:13)
  A meliai simulacrum (D:14)
  19 water moccasins
  An ice beast (D:6)
  9 orc warriors
  13 ogres
  4 black bears
  3 necrophages
  35 wolves
  3 centaurs
  A kobold brigand (D:6)
  10 bullfrogs
  4 scorpions
  3 wyvern zombies (Ossuary)
  2 water moccasin zombies (Ossuary)
  A wyvern skeleton (D:7)
  A hornet simulacrum (Gauntlet)
  A water moccasin skeleton (D:5)
  22 killer bees
  3 electric eels
  7 wights
  9 howler monkeys
  8 centaur zombies
  5 bullfrog zombies (Ossuary)
  4 hounds
  3 bullfrog skeletons (D:5)
  3 jellies
  Crazy Yiuf (D:5)
  An orc priest (D:11)
  A centaur skeleton (D:6)
  A scorpion zombie (D:5)
  4 iguanas
  10 orc wizards
  A hell rat (Lair:1)
  A killer bee zombie (D:9)
  22 mummies
  7 howler monkey zombies
  A howler monkey skeleton (D:4)
  6 adders
  A river rat (D:8)
  A white imp (D:6)
  3 worms
  A dart slug (D:4)
  37 orcs
  6 endoplasms
  7 giant cockroaches
  8 goblins
  10 hobgoblins
  14 jackals
  A quokka (D:4)
  7 ball pythons
  8 bats
  2 frilled lizards
  15 kobolds
  7 rats
660 creatures vanquished.

Vanquished Creatures (collateral kills)
  A water moccasin (Lair:1)
  12 wolves (Lair:3)
  An electric eel (Lair:1)
14 creatures vanquished.

Vanquished Creatures (others)
  24 fungi
  28 plants
  26 withered plants
78 creatures vanquished.

Grand Total: 752 creatures vanquished

Notes
Turn   | Place    | Note
-------+----------+-------------------------------------------
     0 | D:1      | concernfroge the Minotaur Berserker began the quest for the
                  | Orb.
     0 | D:1      | Reached XP level 1. HP: 19/19 MP: 0/0
   300 | D:1      | Reached XP level 2. HP: 25/27 MP: 1/1
   551 | D:1      | Found a faded altar of an unknown god.
   562 | D:1      | Reached ** piety under Trog
   641 | D:1      | Reached XP level 3. HP: 33/33 MP: 2/2
   779 | D:2      | Found Laudinuwi's Book Boutique.
  1053 | D:2      | Reached XP level 4. HP: 25/41 MP: 3/3
  1517 | D:3      | Reached skill level 1 in Shields
  1822 | D:3      | Reached skill level 5 in Polearms
  1822 | D:3      | Reached XP level 5. HP: 47/47 MP: 4/4
  1843 | D:3      | Reached *** piety under Trog
  2297 | D:4      | Found an opulent altar of Gozag.
  2309 | D:4      | Reached skill level 5 in Fighting
  3218 | D:5      | Entered Level 5 of the Dungeon
  3222 | D:5      | Found a staircase to the Ecumenical Temple.
  3243 | D:5      | Reached XP level 6. HP: 55/56 MP: 5/5
  3250 | Temple   | Entered the Ecumenical Temple
  3909 | D:5      | Found a runed translucent door.
  3910 | D:5      | Noticed Crazy Yiuf
  4016 | D:5      | Found Nahug's Jewellery Boutique.
  4029 | D:5      | Noticed a water moccasin
  4041 | D:5      | Killed a water moccasin
  4042 | D:5      | Reached skill level 5 in Armour
  4204 | D:5      | Reached XP level 7. HP: 60/62 MP: 6/6
  4735 | D:5      | Killed Crazy Yiuf
  4785 | D:6      | Found a sand-covered staircase.
  4792 | Ossuary  | Entered an ossuary
  4994 | Ossuary  | Reached XP level 8. HP: 64/71 MP: 7/7
  5047 | Ossuary  | Reached **** piety under Trog
  5109 | Ossuary  | Reached skill level 5 in Shields
  6269 | D:6      | Reached XP level 9. HP: 81/81 MP: 8/8
  6311 | D:6      | Reached ***** piety under Trog
  6311 | D:6      | Noticed a two-headed ogre
  6329 | D:6      | Killed a two-headed ogre
  6764 | D:6      | Found Xorph's Armour Shop.
  7064 | D:5      | Bought an amulet of reflection for 300 gold pieces
  7119 | D:7      | Found a transporter.
  7125 | D:7      | Noticed arlandor's ghost (novice DjFE)
  7125 | D:7      | Noticed a moth of wrath
  7141 | D:7      | Found a transporter.
  7661 | D:7      | Noticed a two-headed ogre
  7674 | D:7      | Killed a two-headed ogre
  7675 | D:7      | Reached XP level 10. HP: 84/92 MP: 9/9
  8705 | D:8      | Noticed a death yak
  8707 | D:8      | Found a staircase to the Lair.
  8709 | D:8      | Noticed a death yak
  8711 | D:8      | Noticed a death yak
  8716 | D:8      | Killed a death yak
  8717 | D:8      | Reached skill level 10 in Fighting
  8717 | D:8      | Reached skill level 10 in Polearms
  8726 | D:8      | Killed a death yak
  8727 | D:8      | Reached skill level 10 in Armour
  9155 | D:8      | Killed a death yak
  9397 | D:9      | Noticed a two-headed ogre
  9408 | D:9      | Killed a two-headed ogre
  9797 | D:9      | Reached XP level 11. HP: 89/101 MP: 10/10
  9915 | D:9      | Noticed Maggie
  9936 | D:9      | Killed Maggie
  9939 | D:9      | Reached skill level 10 in Shields
 10142 | D:9      | Paralysed by a hornet for 3 turns
 10433 | D:9      | Gained mutation: You are partially covered in iridescent
                  | scales. (AC +2) [potion of mutation]
 10433 | D:9      | Gained mutation: You have a pair of large horns on your
                  | head. [potion of mutation]
 10449 | D:10     | Entered Level 10 of the Dungeon
 10502 | D:10     | Noticed Josephine
 10509 | D:10     | Noticed Sonja
 10512 | D:10     | Noticed Psyche
 10514 | D:10     | Killed Josephine
 10530 | D:10     | Killed Sonja
 10551 | D:10     | Killed Psyche
 11354 | D:5      | Bought a ring of see invisible for 150 gold pieces
 11474 | D:11     | Noticed a two-headed ogre
 11483 | D:11     | Killed a two-headed ogre
 12128 | D:11     | Noticed a brown ugly thing
 12144 | D:11     | Killed a brown ugly thing
 12336 | D:11     | Found a staircase to the Orcish Mines.
 12610 | D:12     | Noticed a deep elf pyromancer
 12623 | D:12     | Killed a deep elf pyromancer
 12624 | D:12     | Reached XP level 12. HP: 113/113 MP: 11/11
 12778 | D:12     | Gained mutation: You are frail. (-10% HP) [a neqoxec]
 13237 | D:12     | Found a burning altar of Makhleb.
 13621 | D:13     | Identified the +5 falchion "Ipoonekh" {drain, Int+4}
 13660 | D:13     | Noticed Azrael
 13682 | D:13     | Killed Azrael
 13968 | D:13     | Noticed a catoblepas
 13980 | D:13     | Killed a catoblepas
 14138 | D:13     | Noticed Maurice
 14158 | D:13     | Killed Maurice
 14341 | D:13     | Noticed Nessos
 14353 | D:13     | Killed Nessos
 14536 | D:13     | Noticed a boulder beetle
 14572 | D:13     | Killed a boulder beetle
 14777 | D:14     | HP: 4/103 [red ugly thing (14)]
 14784 | D:14     | HP: 2/103 [red ugly thing (14)]
 15443 | D:14     | Found a glowing silver altar of Zin.
 15557 | D:14     | Noticed a centaur warrior
 15561 | D:14     | Noticed a vault guard
 15563 | D:14     | Identified the +8 glaive "Tethrequz" {vorpal, Fragile
                  | Str+8} (Trog gifted it to you on level 14 of the Dungeon)
 15563 | D:14     | Received a gift from Trog
 15564 | D:14     | Reached XP level 13. HP: 110/110 MP: 12/12
 16391 | D:14     | Found a gate to the Vaults.
 17668 | D:14     | Found a portal to a secret trove of treasure.
 17825 | Lair:1   | Entered Level 1 of the Lair of Beasts
 18004 | Lair:1   | Noticed Urug
 18011 | Lair:1   | Killed Urug
 18650 | Lair:1   | Reached skill level 15 in Polearms
 19189 | Lair:1   | Reached skill level 15 in Fighting
 19364 | Lair:1   | Identified the +7 trident "Mahanam" {flame, Fly Int-4 Dex-2
                  | SInv} (Trog gifted it to you on level 1 of the Lair of
                  | Beasts)
 19364 | Lair:1   | Received a gift from Trog
 19672 | Lair:1   | Reached XP level 14. HP: 121/121 MP: 13/13
 19749 | Lair:1   | Reached skill level 15 in Armour
 20958 | Lair:3   | Noticed Gastronok
 20982 | Lair:3   | Killed Gastronok
 21140 | Lair:3   | Reached skill level 5 in Dodging
 21331 | Lair:3   | Found a staircase to the Swamp.
 21680 | Lair:4   | Found a staircase to the Snake Pit.
 23457 | Lair:5   | Received a gift from Trog
 23458 | Lair:5   | Reached XP level 15. HP: 90/130 MP: 14/14
 24285 | Lair:6   | Entered Level 6 of the Lair of Beasts
 24323 | Lair:6   | Found a gate leading to a gauntlet.
 24328 | Gauntlet | Entered a Gauntlet
 24328 | Gauntlet | Found a transporter.
 24328 | Gauntlet | Found a transporter.
 24328 | Gauntlet | Found a transporter.
 24329 | Gauntlet | Found a transporter.
 24332 | Gauntlet | Found a transporter.
 24348 | Gauntlet | Found a transporter.
 24373 | Gauntlet | Found a transporter.
 24434 | Gauntlet | Found a transporter.
 24454 | Gauntlet | Found a transporter.
 24459 | Gauntlet | Found a transporter.
 24469 | Gauntlet | Found a transporter.
 24490 | Gauntlet | Found a transporter.
 25463 | Gauntlet | Identified a scroll of acquirement
 25567 | Gauntlet | Identified the +7 rapier "Ykyidudgh" {vorpal, Fragile rElec
                  | rPois Dex+4}
 26946 | Lair:6   | Reached ****** piety under Trog
 27030 | Lair:6   | Found a staircase to the Slime Pits.
 27702 | Orc:1    | Entered Level 1 of the Orcish Mines
 27702 | Orc:1    | Noticed an orc warlord
 28161 | D:11     | Killed an orc warlord
 28345 | Orc:1    | Found Woan's General Store.
 28465 | Orc:1    | Noticed Sin92's ghost (journeyman DsFi)
 28470 | Orc:1    | Found a transporter.
 28534 | Orc:1    | Received a gift from Trog
 28538 | Orc:1    | Found a transporter.
 28894 | Orc:1    | Killed Sin92's ghost
 28989 | Orc:1    | Identified the +9 falchion "Zekuav" {drain, Will+ Int+4}
 29012 | Orc:2    | Entered Level 2 of the Orcish Mines
 29013 | Orc:2    | Found a staircase to the Elven Halls.
 29019 | Orc:2    | Noticed Erolcha
 29039 | Orc:2    | Killed Erolcha
 29266 | Orc:2    | Slain by a two-headed ogre

Illustrated notes

Levels and vault maps discovered:
D:1:      lemuel_arrival_rhombus, layout_loops_ring,
          ebering_ecumenical_altar_box, serial_bayou_lagoon_a,
          minmay_worlds_worst_comb
D:2:      layout_rooms, serial_shops, nicolae_shop_behind_doors,
          hangedman_decor_peaks_small
D:3:      layout_loops_ring
D:4:      layout_basic, nicolae_gozag_seed_capital, minivault_1,
          grunt_ministairs_5
D:5:      layout_basic, minmay_temple_entry_mini_moons, serial_shops,
          nicolae_shop_temple_entry_statues_fountains, serial_park_tiny_2,
          uniq_crazy_yiuf_cottage
D:6:      layout_rooms, nicolae_ossuary_entry_ruins, serial_shops,
          nicolae_stop_n_shop_2, chequers_serial_rivers_micro_b
D:7:      layout_loops_cross, gammafunk_ghost_berserking_beasts,
          nicolae_elevator_lobby_asterisk
D:8:      layout_gridville, dpeg_lair_monsters
D:9:      layout_rooms, serial_undead, serial_undead_d, serial_undead_d,
          serial_undead_b, serial_undead_f, serial_undead_e, serial_undead_f,
          uniq_maggie
D:10:     layout_loops_cross, uniq_josephine, uniq_psyche, uniq_sonja
D:11:     layout_basic, orc_0_dummy
D:12:     layout_irregular_city, bloody_makhleb
D:13:     layout_basic, uniq_maurice, uniq_azrael, uniq_nessos
D:14:     layout_roguey, erik_vaults_2, old_standard_altar,
          nicolae_trove_entry_path_of_doom
Temple:   mainiacjoe_temple_trianglar_array
Lair:1:   layout_small_grid, special_room [special_room_bee], minmay_hedge_maze,
          nicolae_lair_lakeside_cave, uniq_urug
Lair:2:   layout_concentric_octagons
Lair:3:   layout_long_grid, nicolae_swamp_entry_splash_gauntlet,
          grunt_forest_large_clearings, uniq_gastronok
Lair:4:   layout_roguey, guppyfry_snake_entry_island, bobbens_dragon_lair_wall,
          serial_bayou_shore_a
Lair:5:   layout_gridlike, infiniplex_staircase_pool_2, grunt_megastairs_4
Lair:6:   grunt_lair_end_beastmaster, layout_regular_city,
          dpeg_slime_entry_corner, gauntlet_entry_generic,
          small_statue_intersection, columned_hall_lemuel, grunt_megastairs_5
Orc:1:    layout_caves, serial_shops, nicolae_lakefront_shop,
          gammafunk_ghost_arena
Orc:2:    st_orc_open, layout_caves, basic_altar, rock_pile, uniq_erolcha

Skill      XL: |  1  2  3  4  5  6  7  8  9 10 11 12 13 14 15 |
---------------+----------------------------------------------+-----
Fighting       | 4 5 6 8 9 10 12 13 15 16 17 | 17.5
Polearms       | 4 5 6 8 9 10 12 13 15 16 17 | 17.6
Armour         | 3 4 5 6 7 9 10 12 13 14 16 17 | 17.4
Shields        | 1 2 3 4 6 8 9 11 13 14 | 14.3
Dodging        | 3 7 9 |  9.3

Action                   |  1- 3 |  4- 6 |  7- 9 | 10-12 | 13-15 || total
-------------------------+-------+-------+-------+-------+-------++-------
Melee: Spear             |   104 |   181 |   391 |   773 |     8 ||  1457
       Headbutt          |    15 |    34 |    83 |   170 |   137 ||   439
       Punch             |       |     1 |       |       |       ||     1
       Unarmed           |       |       |       |    17 |       ||    17
       Glaive            |       |       |       |       |   842 ||   842
Invok: Berserk           |       |     2 |     4 |    13 |    21 ||    40
       Brothers in Arms  |       |       |       |       |     2 ||     2
       Trog's Hand       |       |       |       |       |     1 ||     1
  Use: Scroll            |       |     5 |     9 |     6 |    11 ||    31
       Potion            |       |     3 |     6 |     8 |     2 ||    19
 Stab: Sleeping          |     1 |       |       |       |       ||     1
       Distracted        |       |       |     1 |       |       ||     1
       Petrified         |       |       |       |       |     5 ||     5
Armor: Ring mail         |    24 |    11 |       |       |       ||    35
       Animal skin       |     1 |       |       |       |       ||     1
       Plate armour      |       |    61 |   118 |    42 |       ||   221
       Swamp dragon scal |       |       |       |    68 |   346 ||   414
       Skin              |       |       |       |    14 |       ||    14
Dodge: Dodged            |    41 |    41 |    53 |   114 |   383 ||   632
Block: Kite shield       |       |    34 |   110 |   384 |    10 ||   538
       Reflection        |       |       |     2 |    24 |     5 ||    31
       Other             |       |       |       |     5 |   163 ||   168
